 Dungeon Crawl Stone Soup version 0.27-a0-1217-g8a41f320e8 (webtiles) character file.

Game seed: 8769158277335083200

135 Wyvernaa the Skirmisher (level 4, -1/37 HPs)
             Began as a Demonspawn Abyssal Knight on June 6, 2021.
             Was a Believer of Lugonu.
             Slain by a hornet zombie (6 damage)
             ... on level 4 of the Dungeon.
             The game lasted 00:05:56 (3375 turns).

Wyvernaa the Skirmisher (Demonspawn Abyssal Knight) Turns: 3375, Time: 00:05:56

Health: -1/37      AC:  4    Str: 14    XL:     4   Next: 96%
Magic:  6/6        EV:  8    Int: 13    God:    Lugonu [**....]
Gold:   157        SH:  7    Dex: 12    Spells: 3/3 levels left

rFire    . . .     SeeInvis .   a - +1 spear
rCold    . . .     Faith    .   d - +0 kite shield
rNeg     . . .     Spirit   .   b - +1 leather armour
rPois    .         Reflect  .   (no helmet)
rElec    .         Harm     .   (no cloak)
rCorr    .         Rampage  .   (no gloves)
Will     .....                  (no boots)
Stlth    +.........             (no amulet)
HPRegen  0.12/turn              (no ring)
MPRegen  0.10/turn              (no ring)

@: brilliant
A: hooves 2, powered by pain 1
a: Renounce Religion, Depart the Abyss, Bend Space


You were on level 4 of the Dungeon.
You worshipped Lugonu.
Lugonu was pleased with you.
You visited 1 branch of the dungeon, and saw 4 of its levels.
You visited the Abyss 1 time.

You collected 157 gold pieces.

Inventory:

Hand Weapons
 a - a +1 spear (weapon)
Missiles
 c - a throwing net
Armour
 b - a +1 leather armour (worn)
 d - a +0 kite shield (worn)
 n - a +0 ring mail
Scrolls
 l - 2 scrolls of enchant armour
Potions
 e - 2 potions of brilliance
 f - 2 potions of curing
 g - a potion of heal wounds {unknown}
 i - a potion of mutation


   Skills:
 + Level 3.9 Fighting
 + Level 2.8 Polearms
 + Level 2.5 Armour
 + Level 1.3 Dodging
 + Level 1.1 Stealth
 + Level 0.5 Shields
 + Level 2.7 Invocations


You had 3 spell levels left.
You didn't know any spells.
Your spell library contained the following spells:

 Spells                   Type           Power      Damage    Failure   Level
 Animate Skeleton         Necr           0%         N/A       94%         1
 Apportation              Tloc           0%         N/A       94%         1
 Corona                   Hex            0%         N/A       94%         1
 Summon Small Mammal      Summ           0%         N/A       94%         1
 Confusing Touch          Hex            0%         N/A       100%        3
 Gell's Gravitas          Tloc           0%         N/A       100%        3
 Petrify                  Tmut/Erth      0%         N/A       100%        4
 Metabolic Englaciation   Hex/Ice        0%         N/A       100%        5
 Yara's Violent Unravell  Hex/Tmut       0%         3d3       100%        5


Dungeon Overview and Level Annotations

Branches:
Dungeon (4/15)             Temple (0/1) D:4

Altars:
Ashenzari
Elyvilon


Innate Abilities, Weirdness & Mutations

You have hoof-like feet.
You sometimes gain a little power by taking damage.


Message History

Your Stealth skill increases to level 1!
You start resting.
HP restored.
A hornet zombie comes into view.
Okay, then.
Okay, then.
Okay, then.
The hornet zombie barely misses you.
You closely miss the hornet zombie. Your kick misses the hornet zombie.
The hornet zombie hits you!
You hit the hornet zombie.
The hornet zombie is lightly damaged.
The hornet zombie hits you. You block the hornet zombie's attack.
You hit the hornet zombie.
The hornet zombie is lightly damaged.
The hornet zombie hits you! The hornet zombie hits you.
* * * LOW HITPOINT WARNING * * *
Okay, then.
Blink to where?
Press: ? - help, Dir - move target
As you read the scroll of blinking, it crumbles to dust.
It was a potion of brilliance.
You feel clever all of a sudden.
As you read the scroll labelled XUROTO OCAIRGH, it crumbles to dust.
It is a scroll of enchant armour.
Your +0 leather armour glows green for a moment.
As you read the scroll labelled MACIPN DOLA, it crumbles to dust.
You hear a loud clanging noise!
It was a scroll of noise.
You hear a shout!
You block the hornet zombie's attack.
Okay, then.
It was a potion of curing.
You feel better. The hornet zombie hits you.
You hit the hornet zombie. Your kick misses the hornet zombie.
The hornet zombie is lightly damaged.
The hornet zombie hits you!
* * * LOW HITPOINT WARNING * * *
The hornet zombie closely misses you. The hornet zombie hits you.
You die...

## .. # # # #
########## #
#.@....... ##
####Z#######) #.
############.....# #.
.#.§.........###.# #.
.#.###.............
#. ...#
#..#.#.#.#.#.#.#
####. .###
#............. #
###.... .#
#....⌠.....⌠...
.......
.#####......._.......
###.###


You could see a hornet zombie.

Vanquished Creatures
  A water moccasin skeleton (D:4)
  An iguana (D:4)
  A gnoll (D:4)
  An adder (D:3)
  3 dart slugs
  2 ball pythons (D:4)
  4 endoplasms
  A giant cockroach (D:3)
  A hobgoblin (D:1)
  2 quokkas
  3 bats
  3 frilled lizards (D:1)
  7 goblins
  4 kobolds
  5 rats (D:1)
39 creatures vanquished.

Notes
Turn   | Place    | Note
-------+----------+-------------------------------------------
     0 | Abyss:1  | Wyvernaa the Demonspawn Abyssal Knight began the quest for
                  | the Orb.
     0 | Abyss:1  | Reached XP level 1. HP: 18/18 MP: 2/2
    50 | Abyss:1  | Noticed a worldbinder
    75 | Abyss:1  | Noticed a komodo dragon
    75 | Abyss:1  | Noticed a thrashing horror
    80 | D:1      | Escaped the Abyss
   327 | D:1      | Reached * piety under Lugonu
   336 | D:1      | Gained mutation: You sometimes gain a little power by
                  | taking damage. [demonic ancestry]
   336 | D:1      | Reached XP level 2. HP: 9/24 MP: 3/3
   565 | D:1      | Reached skill level 1 in Dodging
  1588 | D:2      | Gained mutation: You have large cloven feet. [demonic
                  | ancestry]
  1588 | D:2      | Reached XP level 3. HP: 28/30 MP: 5/5
  2537 | D:3      | Found a broken altar of Ashenzari.
  2580 | D:3      | Found a faded altar of an unknown god.
  2938 | D:4      | Found a staircase to the Ecumenical Temple.
  2984 | D:4      | Identified the +0 leather armour "Poustoa" {*Corrode Str+3
                  | Stlth+}
  2995 | D:4      | Reached ** piety under Lugonu
  3051 | D:4      | Gained mutation: You have hoof-like feet. [demonic
                  | ancestry]
  3051 | D:4      | Reached XP level 4. HP: 17/37 MP: 6/6
  3231 | D:4      | Noticed an ogre
  3250 | D:4      | Reached skill level 1 in Stealth
  3375 | D:4      | Slain by a hornet zombie

Illustrated notes

Levels and vault maps discovered:
D:1:      saegor_arrival_simple_a, layout_basic, serial_park_tiny_2
D:2:      layout_basic
D:3:      layout_rooms, lemuel_tele_altar, chequers_ecumenical_altar_grove
D:4:      layout_loops_corners, elyvilon_altar_5, minmay_temple_entry_statues,
          minmay_misc_feat_cross, uniq_eustachio, uniq_pikel,
          uniq_crazy_yiuf_cottage

Skill      XL: |  1  2  3  4 |
---------------+-------------+-----
Dodging        | 1 |  1.3
Polearms       | 2 |  2.8
Armour         | 2 |  2.5
Stealth        | 1 |  1.1
Fighting       | |  3.9
Shields        | |  0.5
Invocations    | |  2.7

Action                   |  1- 3 |  4- 6 || total
-------------------------+-------+-------++-------
Melee: Spear             |   110 |    15 ||   125
       Kick              |     6 |     4 ||    10
Invok: Depart the Abyss  |     1 |       ||     1
  Use: Scroll            |     5 |     3 ||     8
       Potion            |       |     2 ||     2
 Stab: Sleeping          |     3 |       ||     3
       Distracted        |     1 |       ||     1
Armor: Leather armour    |    11 |     1 ||    12
Dodge: Dodged            |    30 |    11 ||    41
Block: Kite shield       |    32 |     7 ||    39

Table legend: (Time is in decaauts)
 A = Elapsed time spent in this place.
 B = Non-inter-level travel time spent in this place.
 C = Inter-level travel time spent in this place.
 D = Time resting spent in this place.
 E = Time spent auto-exploring this place.
 F = Levels seen in this place.
 G = Mean time per level.
                   A        B        C        D        E       F      G
               +--------+--------+--------+--------+--------+-----+--------+
         Total |   3412 |   3358 |     54 |    785 |   2018 |   5 |  682.4 |
       Dungeon |   3331 |   3277 |     54 |    785 |   2018 |   4 |  832.8 |
         Abyss |     81 |     81 |      0 |      0 |      0 |   1 |   81.0 |
               +--------+--------+--------+--------+--------+-----+--------+

Top non-repeatable levels by time:
     D:1: 1017 daAuts
     D:2: 965 daAuts
     D:3: 678 daAuts
     D:4: 669 daAuts
 Abyss:1: 81 daAuts
